 Dungeon Crawl Stone Soup version 0.21-a0-519-gb765982 (webtiles) character file.

295 slep the Chopper (level 6, 0/76 HPs)
             Began as a Minotaur Gladiator on Dec 4, 2017.
             Succumbed to lukano's ghost's poison
             ... on level 4 of the Dungeon.
             The game lasted 00:06:08 (1927 turns).

slep the Chopper (Minotaur Gladiator)               Turns: 1927, Time: 00:06:08

Health: 0/76       AC: 23    Str: 23    XL:     6   Next: 11%
Magic:  14/14      EV:  2    Int:  5    God:
Gold:   161        SH:  9    Dex: 19    Spells: 5/5 levels left

rFire    + . .     SeeInvis .   a - +0 war axe
rCold    + . .     Gourm    .   h - +0 shield
rNeg     + + +     Faith    .   (armour currently unavailable)
rPois    +         Spirit   .   (helmet currently unavailable)
rElec    +         Reflect  .   (cloak currently unavailable)
rCorr    +         Harm     .   (gloves currently unavailable)
MR       .....     NoTele   +   (boots currently unavailable)
Stlth    ++++......             (no amulet)
HPRegen  0.22/turn              v - ring of magical power
MPRegen  0.14/turn              u - ring of stealth

@: mighty, agile, lethally poisoned (0 -> -5), tree-form (expiring), resistant
A: (retaliatory headbutt)
a: no special abilities


You were on level 4 of the Dungeon.
You were not hungry.
You were a tree.
You visited 1 branch of the dungeon, and saw 4 of its levels.

You collected 161 gold pieces.

Inventory:

Hand Weapons
 a - a +0 war axe (weapon)
Missiles
 d - 3 throwing nets (quivered)
Armour
 b - a +0 leather armour
 c - a +0 hat (melded)
 h - a +0 shield (worn)
 i - a +0 pair of gloves (melded)
 p - a +0 scale mail
 r - a +1 pair of boots (melded)
 t - a +2 chain mail of magic resistance (melded)
Jewellery
 u - a ring of stealth (right branch)
 v - a ring of magical power (left branch)
Wands
 q - a wand of random effects (7)
Scrolls
 g - 3 scrolls of identify {unknown}
 j - a scroll of teleportation {unknown}
 y - a scroll of remove curse {unknown}
Potions
 l - a potion of resistance
 s - a potion of agility
Comestibles
 f - 3 bread rations
 k - a royal jelly
 m - 12 fruits
 w - 2 meat rations
 z - 3 chunks of flesh


   Skills:
 + Level 3.2 Fighting
 + Level 6.2 Axes
 + Level 2.2 Throwing
 + Level 2.4 Armour
 + Level 4.3 Dodging
 + Level 0.1 Stealth
 + Level 1.9 Shields


You had 5 spell levels left.
You didn't know any spells.

Dungeon Overview and Level Annotations

Branches:
Dungeon (4/15)
 Temple: D:4-7

Altars:
Hepliaklqana
Xom


Innate Abilities, Weirdness & Mutations

((You reflexively headbutt those who attack you in melee.))
((You have a pair of horns on your head.))


Message History

You destroy lukano's ghost!
Your Fighting skill increases to level 3!
Your Axes skill increases to level 6!
Your Armour skill increases to level 2!
Your Shields skill increases to level 1!
You have reached level 5!
You have reached level 6!
Your experience leads to an increase in your attributes!
Your base attributes are Str 18, Int 5, Dex 13.
Increase (S)trength, (I)ntelligence, or (D)exterity?
You feel agile.
* * * LOW HITPOINT WARNING * * *
You feel sick.
* * * LOW HITPOINT WARNING * * *
You feel sick.
* * * LOW HITPOINT WARNING * * *
You feel sick.
* * * LOW HITPOINT WARNING * * *
You feel sick.
Your transformation is almost over.
You die...

#....)..####
###.######.......# #.#
#...<.<.## #.#
#......... #.#
#........# #.#
#........# ##.##
#.......?# #...#
#........# ##...###
#####♣.##.##
.......#####............
...................#.###
.......###.#.......# #
##...### #.#..#......#
#...# #.#.....#.###
##### #......(#.#
#.#.......# #.........


There were no monsters in sight!

Vanquished Creatures
  The ghost of lukano the Conjurer, an amateur TrCj (D:4)
  A worker ant (D:4)
  An adder (D:3)
  2 worms
  2 dart slugs
  2 leopard geckos
  4 orcs (D:4)
  2 ball pythons (D:1)
  7 bats
  A giant cockroach (D:1)
  10 goblins
  6 hobgoblins
  7 jackals (D:3)
  2 frilled lizards
  9 kobolds
  4 rats
61 creatures vanquished.

Notes
Turn   | Place    | Note
-------+----------+-------------------------------------------
     0 | D:1      | slep the Minotaur Gladiator began the quest for the Orb.
     0 | D:1      | Reached XP level 1. HP: 18/18 MP: 0/0
    57 | D:1      | Reached XP level 2. HP: 17/25 MP: 1/1
   236 | D:1      | Reached skill level 4 in Axes
   513 | D:1      | Reached XP level 3. HP: 30/30 MP: 2/2
   659 | D:2      | Found a shimmering altar of Xom.
   983 | D:2      | Reached skill level 1 in Armour
  1153 | D:3      | Reached XP level 4. HP: 31/37 MP: 3/3
  1458 | D:3      | Found a hazy altar of Hepliaklqana.
  1864 | D:4      | Reached skill level 5 in Axes
  1898 | D:4      | Noticed lukano's ghost (amateur TrCj)
  1922 | D:4      | Killed lukano's ghost
  1922 | D:4      | Reached skill level 6 in Axes
  1922 | D:4      | Reached skill level 1 in Shields
  1922 | D:4      | Reached XP level 5. HP: 4/45 MP: 4/4
  1922 | D:4      | Reached XP level 6. HP: 4/51 MP: 5/5
  1922 | D:4      | HP: 3/76 [poisoned by lukano's ghost]
  1925 | D:4      | HP: 1/76 [poisoned by lukano's ghost]
  1927 | D:4      | Succumbed to lukano's ghost's poison

Vault maps used:
D:1:      dpeg_arrival_round_c, serial_bayou_crossing
D:2:      xom_butterflies, guppyfry_early_lair_pool
D:3:      old_standard_altar
D:4:      overflow_temple_1_default, gup_sewer_entry_glass, uniq_grinder

Skill      XL: |  1  2  3  4 |
---------------+-------------+-----
Axes           | 4 6 |  6.2
Armour         | 1 2 |  2.4
Dodging        | 4 |  4.3
Fighting       | 3 |  3.2
Shields        | 1 |  1.9
Throwing       | |  2.2
Stealth        | |  0.1

Action                   |  1- 3 |  4- 6 || total
-------------------------+-------+-------++-------
Melee: War axe           |    83 |    48 ||   131
       Headbutt          |    16 |     3 ||    19
  Use: Potion            |       |     6 ||     6
  Eat: Chunk             |     1 |     2 ||     3
Armor: Leather armour    |    15 |       ||    15
       Chain mail        |    17 |    19 ||    36
       Skin              |       |    11 ||    11
Dodge: Dodged            |    52 |     8 ||    60
Block: Shield            |    17 |    18 ||    35

Table legend:
 A = Spawn XP
 B = Non-spawn XP
 C = Spawn XP percentage of total XP
 D = Spawn monster count
 E = Non-spawn monster count
 F = Spawn count percentage of total count
 G = Total turns spent on level
                    A         B        C        D         E        F      G
               +---------+---------+-------+---------+---------+-------+---------
         Total |       0 |     422 |   0.0 |       0 |      61 |   0.0 |  1927
               +---------+---------+-------+---------+---------+-------+---------
           D:1 |       0 |      43 |   0.0 |       0 |      24 |   0.0 |   550
           D:2 |       0 |      31 |   0.0 |       0 |      14 |   0.0 |   548
           D:3 |       0 |      39 |   0.0 |       0 |      16 |   0.0 |   749
           D:4 |       0 |     309 |   0.0 |       0 |       7 |   0.0 |    80
               +---------+---------+-------+---------+---------+-------+---------
